 Dungeon Crawl Stone Soup version 0.30-a0-371-gad7725a93e (webtiles) character file.

Game seed: 3131999874878207149

69 jfcaron the Shield-Bearer (level 4, -2/40 HPs)
             Began as a Meteoran Fighter on Nov 21, 2022.
             Slain by a gnoll
             ... wielding a +0 halberd
              (12 damage)
             ... on level 3 of the Dungeon.
             The game lasted 00:01:43 (576 turns).

jfcaron the Shield-Bearer (Meteoran Fighter)         Turns: 576, Time: 00:01:44

Health: -2/40      AC:  9    Str: 20    XL:     4   Next: 70%
Magic:  5/5        EV:  7    Int:  9    God:
Gold:   44         SH:  5    Dex: 13    Spells: 3/3 levels left

rFire   . . .      SeeInvis .    a - +0 war axe
rCold   . . .      Faith    .    c - +0 buckler
rNeg    . . .      Spirit   .    i - +0 chain mail
rPois   .          Reflect  .    (no helmet)
rElec   .          Harm     .    (no cloak)
rCorr   .          Rampage  .    (no gloves)
Will    .....                    (no boots)
Stlth   ..........               (no amulet)
HPRegen 0.26/turn                (no ring)
MPRegen 0.09/turn                (no ring)

@: glowing
A: sense surroundings 1, otherworldly, glowing, explore regen
a: no special abilities


You were on level 3 of the Dungeon.
You visited 1 branch of the dungeon, and saw 3 of its levels.

You collected 44 gold pieces.

Inventory:

Hand Weapons
 a - a +0 war axe (weapon)
Armour
 b - a +0 scale mail
 c - a +0 buckler (worn)
 i - a +0 chain mail (worn)
Scrolls
 e - a scroll of vulnerability {unknown}
 f - 3 scrolls of teleportation {unknown}
 g - 5 scrolls of identify {unknown}
 j - a scroll of immolation {unknown}
 k - a scroll of acquirement {unknown}
 m - a scroll of poison {unknown}
Potions
 d - a potion of might
 h - 2 potions of heal wounds {unknown}
 l - a potion of berserk rage {unknown}


   Skills:
 + Level 3.9 Fighting
 + Level 3.3 Axes
 + Level 4.2 Armour
 + Level 4.3 Shields


You had 3 spell levels left.
You didn't know any spells.
Your spell library contained the following spells:

 Spells                   Type           Power      Damage    Failure   Level
 Stone Arrow              Conj/Erth      0%         3d7       100%        3
 Animate Armour           Summ/Erth      0%         N/A       100%        4
 Lehudib's Crystal Spear  Conj/Erth      0%         10d2      100%        8


Dungeon Overview and Level Annotations

Branches:
Dungeon (3/15) Zot: 1186

Altars:


Innate Abilities, Weirdness & Mutations

You passively map a small area around you.
You are easily found by Zot.
You glow in the dark.
You regain HP and MP as you explore.


Message History

The gnoll hits you but does no damage. The gnoll hits you with a +0 club.
You slash the gnoll!
You kill the gnoll!
The gnoll hits you from afar with a +0 halberd!
The gnoll barely misses you.
A gnoll comes into view. It is wielding a +0 flail.
Things that are here:
a +0 club; a gnoll corpse You barely miss the gnoll.
The gnoll hits you with a +0 halberd.
You hit the gnoll.
The gnoll is lightly wounded.
The gnoll barely misses you. The gnoll hits you with a +0 halberd!
You are too injured to fight recklessly!
You are too injured to fight recklessly!
You are too injured to fight recklessly!
You are too injured to fight recklessly!
You are too injured to fight recklessly!
You hit the gnoll.
The gnoll is moderately wounded.
The gnoll hits you with a +0 halberd.
You barely miss the gnoll.
The gnoll is moderately wounded.
You block the gnoll's attack.
You hit the gnoll.
The gnoll is severely wounded.
The gnoll hits you with a +0 halberd!
* * * LOW HITPOINT WARNING * * *
You block the gnoll's attack.
You hit the gnoll but do no damage.
The gnoll is severely wounded.
You block the gnoll's attack.
You barely miss the gnoll.
The gnoll is severely wounded.
The gnoll barely misses you.
You hit the gnoll.
The gnoll is severely wounded.
The gnoll hits you with a +0 halberd.
* * * LOW HITPOINT WARNING * * *
The gnoll hits you with a +0 halberd!
You die...

,, #..........#
#.########.# * #.#
#)### #. #.# #...# #.
#.# ###.# ##.## #.#
#.# ....# #.# #.#
.#..# #.##########.#
#...# #.##..ggg@...#
.#..####.##.######..#
.........# ...#
†##.###### #..##
)#...#####* * #..#***
...#....... * .... *
.#...###### ##..# ,
.##.## *, #..# ,
.##.#### ,, ,


You could see 3 gnolls.

Vanquished Creatures
  Natasha (D:3)
  A gnoll (D:3)
  A worm (D:2)
  2 dart slugs (D:2)
  An orc (D:3)
  3 endoplasms
  A giant cockroach (D:1)
  3 goblins
  A hobgoblin (D:1)
  2 kobolds (D:2)
  6 ball pythons
  A bat (D:2)
  4 frilled lizards
  3 rats
30 creatures vanquished.

Notes
Turn   | Place    | Note
-------+----------+-------------------------------------------
     0 | D:1      | jfcaron the Meteoran Fighter began the quest for the Orb.
     0 | D:1      | Reached XP level 1. HP: 19/19 MP: 2/2
   117 | D:1      | Reached XP level 2. HP: 26/26 MP: 3/3
   249 | D:2      | Reached XP level 3. HP: 26/31 MP: 4/4
   513 | D:3      | Noticed Natasha
   523 | D:3      | Killed Natasha
   524 | D:3      | Reached XP level 4. HP: 22/40 MP: 5/5
   576 | D:3      | Slain by a gnoll

Illustrated notes

Levels and vault maps discovered:
D:1:      mushboom_english_gardens, layout_basic
D:2:      layout_loops_ring, nrook_mini_backslash, uniq_sigmund
D:3:      layout_loops_ring, uniq_natasha

Skill      XL: |  1  2  3 |
---------------+----------+-----
Shields        | 4 |  4.3
Armour         | 4 |  4.2
Axes           | 3 |  3.3
Fighting       | |  3.9

Action                   |  1- 3 |  4- 6 || total
-------------------------+-------+-------++-------
Melee: War axe           |    78 |    12 ||    90
Armor: Scale mail        |    10 |       ||    10
       Chain mail        |    35 |     1 ||    36
Dodge: Dodged            |    25 |     5 ||    30
Block: Buckler           |    12 |     3 ||    15

Table legend: (Time is in decaauts)
 A = Elapsed time spent in this place.
 B = Non-inter-level travel time spent in this place.
 C = Inter-level travel time spent in this place.
 D = Time resting spent in this place.
 E = Time spent auto-exploring this place.
 F = Levels seen in this place.
 G = Mean time per level.
                   A        B        C        D        E       F      G
               +--------+--------+--------+--------+--------+-----+--------+
         Total |    611 |    606 |      5 |      0 |    357 |   3 |  203.7 |
       Dungeon |    611 |    606 |      5 |      0 |    357 |   3 |  203.7 |
               +--------+--------+--------+--------+--------+-----+--------+

Top non-repeatable levels by time:
     D:1: 227 daAuts
     D:2: 197 daAuts
     D:3: 186 daAuts
